 Dungeon Crawl Stone Soup version 0.28.0 (webtiles) character file.

Game seed: 16537677320031074869

47 fragbeetle the Chopper (level 3, 0/31 HPs)
             Began as a Hill Orc Monk on Feb 7, 2022.
             Was a Follower of Uskayaw.
             Slain by Terence (5 damage)
             ... on level 2 of the Dungeon.
             The game lasted 00:02:23 (1977 turns).

fragbeetle the Chopper (Hill Orc Monk)              Turns: 1977, Time: 00:02:23

Health: 0/31       AC:  6    Str: 15    XL:     3   Next: 70%
Magic:  3/3        EV: 11    Int: 10    God:    Uskayaw [*.....]
Gold:   60         SH:  0    Dex: 13    Spells: 2/2 levels left

rFire   . . .      SeeInvis .   a - +0 hand axe
rCold   . . .      Faith    .   (no shield)
rNeg    . . .      Spirit   .   g - +0 ring mail
rPois   .          Reflect  .   (no helmet)
rElec   .          Harm     .   f - +0 cloak
rCorr   .          Rampage  .   (no gloves)
Will    .....                   (no boots)
Stlth   +.........              (no amulet)
HPRegen 0.10/turn               (no ring)
MPRegen 0.08/turn               (no ring)

@: no status effects
A: no striking features
a: Renounce Religion, Stomp


You were on level 2 of the Dungeon.
You worshipped Uskayaw.
Uskayaw was noncommittal.
You visited 1 branch of the dungeon, and saw 2 of its levels.

You collected 60 gold pieces.

Inventory:

Hand Weapons
 a - a +0 hand axe (weapon)
Armour
 b - a +0 robe
 f - a +0 cloak (worn)
 g - a +0 ring mail (worn)
Jewellery
 d - a ring of protection from cold
 e - a ring of resist corrosion
Potions
 c - a potion of lignification {unknown}


   Skills:
 - Level 3.6 Fighting
 + Level 6.1 Axes
 - Level 2.4 Dodging
 - Level 1.5 Stealth


You had 2 spell levels left.
You didn't know any spells.
Your spell library was empty.

Dungeon Overview and Level Annotations

Branches:
Dungeon (2/15)

Altars:
Uskayaw

Annotations:
D:2 Terence


Message History

Terence is moderately wounded.
Terence hits you with a +0 mace.
You hit Terence.
Terence is heavily wounded.
Terence hits you with a +0 mace.
You can now pass through a line of other dancers.
You hit Terence but do no damage.
Terence is heavily wounded.
Terence hits you with a +0 mace.
You hit Terence but do no damage.
Terence is heavily wounded.
Terence barely misses you.
You hit Terence but do no damage.
Terence is heavily wounded.
Terence hits you but does no damage.
You hit Terence but do no damage.
Terence is heavily wounded.
Terence says, "Rest in peace."
Terence closely misses you.
You hit Terence but do no damage.
Terence is heavily wounded.
Terence closely misses you.
You can no longer pass through a line of other dancers.
You hit Terence but do no damage.
Terence is heavily wounded.
Terence hits you with a +0 mace.
You barely miss Terence.
Terence is heavily wounded.
Terence barely misses you.
You hit Terence.
Terence is heavily wounded.
Terence hits you with a +0 mace!
* * * LOW HITPOINT WARNING * * *
You hit Terence.
Terence is severely wounded.
Terence barely misses you.
You hit Terence but do no damage.
Terence is severely wounded.
Terence hits you with a +0 mace.
You die...

#..[# ######+## #...# #........
#...######## #......@.
###...##.....# #........
#......#.###.# #......#
###....#.# #.### #.# ###....#.#
#.#.# #.#
###......#.###.@.###>############
.......#.#.#....@................
.#.......#@###.#.###.############
.#.#######.###.#.###.# #......#.
....@......##..#.....# #.####.#.
##.##########.######## #.# #.#.
#)##......@..# #.# #.#.
##)##.######### ######.# #.#.
#.....# #......# #.#. #..####
#.#########.#.


You could see Terence.

Vanquished Creatures
  3 dart slugs (D:1)
  A bat (D:2)
  6 endoplasms
  A giant cockroach (D:2)
  6 goblins
  2 hobgoblins (D:1)
  6 jackals (D:1)
  2 kobolds
  A quokka (D:2)
  2 ball pythons (D:1)
  3 frilled lizards
  A rat (D:1)
34 creatures vanquished.

Notes
Turn   | Place    | Note
-------+----------+-------------------------------------------
     0 | D:1      | fragbeetle the Hill Orc Monk began the quest for the Orb.
     0 | D:1      | Reached XP level 1. HP: 19/19 MP: 1/1
   146 | D:1      | Reached XP level 2. HP: 21/26 MP: 2/2
   499 | D:1      | Reached skill level 5 in Axes
   727 | D:1      | Reached XP level 3. HP: 31/31 MP: 3/3
   873 | D:1      | Found a faded altar of an unknown god.
  1344 | D:1      | Prayed at the altar of an unknown god.
  1344 | D:1      | Became a worshipper of Uskayaw the Reveller
  1344 | D:1      | Reached * piety under Uskayaw
  1344 | D:1      | Reached ** piety under Uskayaw
  1502 | D:2      | Noticed a necrophage
  1554 | D:2      | Reached skill level 6 in Axes
  1912 | D:2      | Noticed Terence
  1977 | D:2      | Slain by Terence

Illustrated notes

Levels and vault maps discovered:
D:1:      dpeg_arrival_tiny_g, layout_loops_cross,
          shapermc_ecumenical_altar_mp_urbaneastern
D:2:      layout_basic, minmay_three_crescents, uniq_terence, uniq_robin

Skill      XL: |  1  2  3 |
---------------+----------+-----
Axes           | 5 6 |  6.1
Fighting       | |  3.6
Dodging        | |  2.4
Stealth        | |  1.5

Action                   || total
-------------------------++-------
Melee: Hand axe          ||   122
       Punch             ||     2
 Stab: Sleeping          ||     4
Armor: Robe              ||    20
       Ring mail         ||     3
Dodge: Dodged            ||    78
